 Dungeon Crawl Stone Soup version 0.32-a0-928-g1cae6b7ea0 (webtiles) character file.

Game seed: 5594534695617299427

4 GnomeSayin the Trooper (level 1, -1/19 HPs)
             Began as a Draconian Monk on Apr 13, 2024.
             Succumbed to a kobold's poison
             ... on level 1 of the Dungeon.
             The game lasted 00:01:40 (122 turns).

GnomeSayin the Trooper (Draconian Monk)              Turns: 122, Time: 00:01:40

Health: -1/19      AC:  4    Str: 13    XL:     1   Next: 50%
Magic:  1/1        EV: 11    Int: 10    God:
Gold:   0          SH:  0    Dex: 13    Spells: 0/0 levels left

rFire   . . .        a - +0 falchion
rCold   . . .        c - orb {light}
rNeg    . . .        (body armour unavailable)
rPois   .            (helmet restricted)
rElec   .            (no cloak)
rCorr   .            (no gloves)
SInv    .            (no boots)
Will    .....        f - amulet of reflection
Stlth   +            (no ring)
HPRegen 0.23/turn    (no ring)
MPRegen 0.07/turn

%: reflection
@: confused, lethally poisoned (-1 -> -40), ambrosia-drunk, glowing
A: AC +4, unfitting armour, cold-blooded
a: no special abilities


You were on level 1 of the Dungeon.
You visited 1 branch of the dungeon, and saw 1 of its levels.

Inventory:

Hand Weapons
 a - a +0 falchion (weapon)
 d - a +0 dagger of draining
Armour
 c - an orb of light (worn)
Jewellery
 f - an amulet of reflection (around neck)
Potions
 e - a potion of attraction {unknown}


   Skills:
 + Level 3.3 Fighting
 + Level 3.1 Long Blades
 + Level 2.8 Dodging


You couldn't memorise any spells.
You didn't know any spells.
Your spell library was empty.

Dungeon Overview and Level Annotations

Branches:
Dungeon (1/15)

Altars:


Innate Abilities, Weirdness & Mutations

Your plain brown scales are hard. (AC +4)
You cannot fit into any form of body armour.
You are cold-blooded and may be slowed by cold attacks.


Message History

You feel yourself speed up.
Found a square bone amulet.
f - an amulet of reflection You start putting on your amulet.
You continue putting on your amulet of reflection. x5
You finish putting on your amulet of reflection.
You feel a shielding aura gather around you.
f - an amulet of reflection (around neck)
You open the door.
A kobold comes into view. It is wielding a +2 whip of venom.
The kobold shouts!
A rat comes into view.
The kobold throws a stone.
The stone hits you but does no damage.
You close the door.
A kobold opens the door.
The rat squeaks loudly.
The kobold hits you but does no damage.
You are poisoned.
There is an open door here.
You hit the kobold.
The kobold is moderately wounded.
You feel very sick. The kobold misses you.
You hit the kobold but do no damage.
The kobold is moderately wounded.
You feel sick.
The kobold hits you with a +2 whip of venom.
You are lethally poisoned!
The kobold hits you with a +2 whip of venom.
You are more poisoned.
Press: ? - help, v - describe, . - travel
Here: a kobold, wielding a +2 whip of venom and quivering stones (moderately wounded, haloed)
The floor.
You are confused.
You feel invigorated.
You feel very sick.
The kobold hits you with a +2 whip of venom.
* * * LOW HITPOINT WARNING * * *
You are more poisoned.
You die...

### ####### # #.# .......
####### #.# .......
....>.# #.######.......
.###..## #.....@'K......
.###...####.######r......
.........##.# .......
.##..###.##.# .......
............# .......
##.#..##....# .......
............... .######
##.#..###.####... .# .#
#....#.. ...


You could see a kobold and a rat.

Vanquished Creatures
  A bat (D:1)
  An endoplasm (D:1)
  A hobgoblin (D:1)
3 creatures vanquished.

Notes
Turn   | Place    | Note
-------+----------+-------------------------------------------
     0 | D:1      | GnomeSayin the Draconian Monk began the quest for the Orb.
     0 | D:1      | Reached XP level 1. HP: 19/19 MP: 1/1
   122 | D:1      | Succumbed to a kobold's poison

Illustrated notes

Levels and vault maps discovered:
D:1:      saegor_arrival_simple_a, layout_basic

Action                     || total
---------------------------++-------
  Melee: Falchion          ||     6
    Use: Potion            ||     1
 Armour: Skin              ||     5
  Dodge: Dodged            ||     2

Table legend: (Time is in decaauts)
 A = Elapsed time spent in this place.
 B = Non-inter-level travel time spent in this place.
 C = Inter-level travel time spent in this place.
 D = Time resting spent in this place.
 E = Time spent auto-exploring this place.
 F = Levels seen in this place.
 G = Mean time per level.
                   A        B        C        D        E       F      G
               +--------+--------+--------+--------+--------+-----+--------+
         Total |    124 |     57 |     67 |      0 |      0 |   1 |  124.0 |
       Dungeon |    124 |     57 |     67 |      0 |      0 |   1 |  124.0 |
               +--------+--------+--------+--------+--------+-----+--------+

Top non-repeatable levels by time:
     D:1: 124 daAuts
